Match 42496483
Unlisted

Match 42496483
End
Construct Infanterie Kompanie
Grenadier Squad
MG 42 Machine Gun Team
Selects Terror Battlegroup
Selects Machine Gun Camouflage
Grenadier Squad
Construct Panzergrenadier Kompanie
GrW 34 Mortar Team
Pioneer Squad
Pak 40 Anti-tank Gun Team
Panzergrenadier Squad
Construct Panzer Kompanie
Medical Bunker
Construct Panzer Kompanie
Selects Defend the Fatherland
Panzer IV Medium Tank
Stoßtruppen Squad
Panzer Officer Quarters
Infanterie Officer Quarters
Panzer IV Medium Tank
Stoßtruppen Squad
Selects Contempt for the Weak
Selects Propaganda Leaflet Drop
Selects V1 Rocket Strike
V1 Rocket Strike
Stoßtruppen Squad
V1 Rocket Strike
Selects King Tiger Heavy Tank
King Tiger Heavy Tank
Duffman™
Funky Ayylien
꿀뜨개Honeydipper
.
Kanade
Zo͞olo͞oKōbrə
周末不日常
2908027075
0
0

Comments sign in to comment!

No comments posted yet!